 Dungeon Crawl Stone Soup version 0.25-a0-890-g62861fb (webtiles) character file.

Game seed: 1471776493596683724, levelgen mode: deterministic

3728 Faca the Slinger (level 10, 0/73 HPs)
             Began as a Halfling Hunter on May 6, 2020.
             Was a Follower of Okawaru.
             Slain by a yak (15 damage)
             ... on level 7 of the Dungeon.
             The game lasted 00:25:43 (9843 turns).

Faca the Slinger (Halfling Hunter)                  Turns: 9843, Time: 00:25:44

Health: 0/73       AC: 14    Str: 20    XL:     10   Next: 36%
Magic:  10/10      EV: 15    Int: 13    God:    Okawaru [*.....]
Gold:   447        SH:  0    Dex: 20    Spells: 9/9 levels left

rFire    + . .     SeeInvis .   o - +0 falchion (elec)
rCold    . . .     Gourm    .   (shield restricted)
rNeg     . . .     Faith    .   E - +4 robe of Augmentation {Str+4 Int+4 Dex+4}
rPois    .         Spirit   .   I - +0 helmet
rElec    .         Reflect  .   j - +1 cloak (curse)
rCorr    .         Harm     .   h - +0 pair of gloves
MR       .....                  (no boots)
Stlth    ++........             w - amulet of the acrobat
HPRegen  0.22/turn              t - ring of protection from fire
MPRegen  0.12/turn              b - +4 ring of protection

@: no status effects
A: small, mutation resistance 1
a: Heroism, Renounce Religion


You were on level 7 of the Dungeon.
You worshipped Okawaru.
Okawaru was aware of your devotion.
You were hungry.

You visited 2 branches of the dungeon, and saw 9 of its levels.
You also visited: Sewer.

You collected 447 gold pieces.

Inventory:

Hand Weapons
 o - a +0 falchion of electrocution (weapon)
 s - a +3 fustibalus
 C - a +1 short sword of flaming
Missiles
 c - 193 stones (quivered)
 d - 101 sling bullets
 z - a throwing net
Armour
 h - a +0 pair of gloves (worn)
 j - a cursed +1 cloak (worn)
 y - a +0 kite shield
 E - the +4 robe of Augmentation (worn) {Str+4 Int+4 Dex+4}
   (You found it on level 7 of the Dungeon)

   It affects your strength (+4).
   It affects your intelligence (+4).
   It affects your dexterity (+4).
 I - a +0 helmet (worn)
Jewellery
 b - a +4 ring of protection (right hand)
 t - a ring of protection from fire (left hand)
 w - an amulet of the acrobat (around neck)
 B - an uncursed ring of see invisible
Wands
 p - a wand of iceblast (20)
 v - a wand of enslavement (6)
 D - a wand of digging (4)
 G - a wand of flame (22)
 H - a wand of polymorph (11)
Scrolls
 a - a scroll of noise {unknown}
 e - 4 scrolls of fear
 i - 3 scrolls of blinking
 k - a scroll of identify
 l - 6 scrolls of remove curse
 u - a scroll of magic mapping
 x - a scroll of teleportation
 F - a scroll of enchant weapon
Potions
 g - 5 potions of curing
 m - a potion of heal wounds
 n - 3 potions of lignification
 q - 2 potions of flight
 r - 2 potions of ambrosia
 A - a potion of invisibility
Comestibles
 f - 13 rations


   Skills:
 + Level 8.4 Fighting
 + Level 6.3 Long Blades
 + Level 13.4 Slings
 - Level 2.1 Dodging
 - Level 1.1 Stealth


You had 9 spell levels left.
You didn't know any spells.
Your spell library was empty.

Dungeon Overview and Level Annotations

Branches:
Dungeon (8/15)             Temple (1/1) D:7           Sewer (visited)
   Lair: D:8-11

Altars:
Ashenzari
Cheibriados
Dithmenos
Elyvilon
Fedhas
Gozag
Hepliaklqana
Kikubaaqudgha
Makhleb
Nemelex Xobeh
Okawaru
Qazlal
Ru
Sif Muna
Trog
Uskayaw
Vehumet
Wu Jian
Xom
Yredelemnul
Zin
The Shining One

Shops:
D:4 ?

Annotations:
D:3 1 runed translucent door, CabbageHands's ghost, amateur NaGl


Innate Abilities, Weirdness & Mutations

You are small and have problems with some larger weapons.
You are somewhat resistant to further mutation.


Message History

You hit the yak. Lightning courses through the yak!
The yak is heavily wounded.
The yak gores you. x2
You hit the yak.
The yak is heavily wounded.
The yak closely misses you. The yak misses you.
You riposte.
You barely miss the yak. You barely miss the yak.
The yak is heavily wounded.
The yak gores you but does no damage. The yak closely misses you.
You slash the yak!
The yak is severely wounded.
The yak gores you!
* * * LOW HITPOINT WARNING * * *
The yak gores you.
* * * LOW HITPOINT WARNING * * *
You hit the yak.
The yak is severely wounded.
The yak completely misses you. The yak gores you!
You die...

#.# #...#...............######
##.# #.#####.#............#...#
.#.#####..............#####.#.#.#
.#.#......####.#.##...#####'#.#..
.#.#......###.....+...+.......###
##............#..##...###........
#................................
#.#############Y.#########.......
#.# ##@Y.......'....... #.#
###########....... #.# #.....[.
#.# #####... #.# #... #.# ####
#.# #.# #.#


You could see 2 yaks.

Vanquished Creatures
  Prince Ribbit (D:8)
  A yak (D:7)
  Eustachio (D:4)
  A hungry ghost (D:8)
  Duvessa (D:6)
  An orc warrior (D:5)
  2 sky beasts
  2 black bears
  2 ice beasts (D:5)
  A phantom (D:4)
  A centaur (D:8)
  2 ogres
  Blork the orc (D:4)
  3 bullfrogs
  2 gnoll sergeants (D:5)
  Dowan (D:6)
  2 scorpions
  6 killer bees (D:5)
  A wight (D:5)
  3 howler monkeys
  A crimson imp (D:3)
  A centaur zombie (D:4)
  An orc priest (D:3)
  5 hounds
  A jelly (D:8)
  2 iguanas
  2 bullfrog skeletons (D:5)
  12 worker ants
  A hound zombie (D:7)
  A hound skeleton (D:6)
  A howler monkey zombie (D:6)
  4 worker ant zombies
  4 gnolls (D:5)
  8 adders
  A shadow imp (D:6)
  11 oozes
  An adder skeleton (D:7)
  2 worms
  A dart slug (D:4)
  18 leopard geckos
  21 orcs
  19 giant cockroaches
  5 goblins
  3 hobgoblins
  16 jackals
  4 kobolds
  4 quokkas
  9 ball pythons
  3 bats
  15 frilled lizards
  A jackal skeleton (D:8)
  A leopard gecko skeleton (D:4)
  A quokka skeleton (D:4)
  5 rats
220 creatures vanquished.

Notes
Turn   | Place    | Note
-------+----------+-------------------------------------------
     0 | D:1      | Faca the Halfling Hunter began the quest for the Orb.
     0 | D:1      | Reached XP level 1. HP: 14/14 MP: 1/1
    94 | D:1      | Reached skill level 6 in Slings
   150 | D:1      | Reached XP level 2. HP: 11/19 MP: 2/2
   964 | D:2      | Reached XP level 3. HP: 23/25 MP: 3/3
  1742 | D:2      | Reached XP level 4. HP: 26/30 MP: 4/4
  1975 | D:3      | Found a faded altar of an unknown god.
  2078 | D:3      | Found a glowing drain.
  2082 | Sewer    | Entered a sewer
  2084 | Sewer    | Reached skill level 7 in Slings
  2558 | Sewer    | Reached XP level 5. HP: 26/36 MP: 5/5
  3064 | Sewer    | Reached skill level 8 in Slings
  3120 | Sewer    | Noticed a bullfrog
  3120 | Sewer    | Noticed a bullfrog
  3129 | Sewer    | Killed a bullfrog
  3129 | Sewer    | Reached XP level 6. HP: 28/43 MP: 6/6
  3792 | D:3      | Found a runed translucent door.
  3796 | D:3      | Noticed CabbageHands's ghost (amateur NaGl)
  4158 | D:3      | Reached skill level 9 in Slings
  4158 | D:3      | Reached XP level 7. HP: 32/49 MP: 7/7
  4338 | D:3      | Found a burning altar of Makhleb.
  4599 | D:4      | Noticed Eustachio
  4608 | D:4      | Killed Eustachio
  4608 | D:4      | Reached skill level 5 in Fighting
  4760 | D:4      | Reached skill level 10 in Slings
  4912 | D:4      | Reached XP level 8. HP: 50/57 MP: 8/8
  5121 | D:4      | Found Witigell's Magic Scroll Emporium.
  5408 | D:5      | Entered Level 5 of the Dungeon
  5408 | D:5      | Noticed Blork the orc
  5419 | D:4      | Killed Blork the orc
  5419 | D:4      | Reached skill level 1 in Long Blades
  5814 | D:5      | Reached skill level 11 in Slings
  6610 | D:5      | Reached XP level 9. HP: 24/63 MP: 9/9
  7054 | D:5      | Reached skill level 12 in Slings
  7916 | D:6      | Noticed Duvessa
  7918 | D:6      | Noticed Dowan
  7925 | D:6      | Killed Duvessa
  7934 | D:6      | Killed Dowan
  7934 | D:6      | Reached skill level 5 in Long Blades
  8486 | D:7      | Reached XP level 10. HP: 70/72 MP: 10/10
  8506 | D:7      | Found a staircase to the Ecumenical Temple.
  8524 | Temple   | Entered the Ecumenical Temple
  8547 | Temple   | Became a worshipper of Warmaster Okawaru
  8994 | D:7      | Found the +4 robe of Augmentation {Str+4 Int+4 Dex+4}
  9035 | D:7      | Reached skill level 13 in Slings
  9557 | D:8      | Noticed Prince Ribbit
  9582 | D:8      | Killed Prince Ribbit
  9582 | D:8      | Reached * piety under Okawaru
  9843 | D:7      | Slain by a yak

Levels and vault maps discovered:
D:1:      zelgadis_glass_arrival_small, layout_basic, nrook_mini_vaults
D:2:      layout_rooms
D:3:      layout_loops_corners, makhleb_grotto_becter, gup_sewer_entry_bowl,
          ebering_ghost_reflecting_pool, first_ration,
          chequers_ecumenical_altar_island
D:4:      layout_loops_ring, serial_shops, nicolae_shop_crystal, uniq_eustachio
D:5:      layout_basic, sword_in_stone
D:6:      layout_loops_ring, uniq_duvessa
D:7:      layout_basic, minmay_temple_entry_gardened_gates, chequers_arboretum,
          grunt_ogre_cave
D:8:      layout_loops_ring, minmay_misc_feat_five, lemuel_centaur_altar,
          uniq_joseph, uniq_prince_ribbit1, uniq_maurice
Temple:   grunt_wide_crystal_templ

Skill      XL: |  1  2  3  4  5  6  7  8  9 10 |
---------------+-------------------------------+-----
Slings         | 6 7 8 9 10 11 12 13 | 13.4
Fighting       | 2 3 4 5 6 7 8 |  8.4
Long Blades    | 2 5 6 |  6.3
Dodging        | |  2.1
Stealth        | |  1.1

Action                   |  1- 3 |  4- 6 |  7- 9 | 10-12 || total
-------------------------+-------+-------+-------+-------++-------
Melee: Short sword       |   128 |   339 |       |       ||   467
       Falchion          |       |    44 |   359 |   102 ||   505
 Fire: Hunting sling     |     2 |    13 |     7 |       ||    22
  Use: Scroll            |     5 |     4 |    12 |     1 ||    22
       Potion            |       |     2 |     1 |     1 ||     4
 Stab: Sleeping          |       |       |       |     1 ||     1
  Eat: Chunk             |     3 |     8 |    12 |     2 ||    25
       Ration            |       |       |     1 |     1 ||     2
Armor: Leather armour    |     8 |       |       |       ||     8
       Ring mail         |    25 |   175 |     3 |       ||   203
       Scale mail        |       |       |   160 |    22 ||   182
       Robe              |       |       |       |    15 ||    15
Dodge: Dodged            |    90 |   376 |   288 |    73 ||   827
       Rpst.: Falchion   |       |    10 |    96 |    17 ||   123

Table legend:
 A = Non-vault XP
 B = Vault XP
 C = Vault XP percentage of total XP
 D = Non-vault monster count
 E = Vault monster count
 F = Vault count percentage of total count
                 A         B        C        D         E       F
            +---------+---------+-------+---------+---------+-------
      Total |    3660 |    1667 |  31.3 |     154 |      66 |  30.0
            +---------+---------+-------+---------+---------+-------
        D:1 |      28 |       0 |   0.0 |      16 |       0 |   0.0
        D:2 |      42 |       0 |   0.0 |      13 |       0 |   0.0
        D:3 |     118 |      51 |  30.2 |      26 |       4 |  13.3
        D:4 |     512 |     296 |  36.6 |      22 |       2 |   8.3
        D:5 |    1042 |     361 |  25.7 |      28 |       4 |  12.5
        D:6 |     526 |     221 |  29.6 |      25 |       2 |   7.4
        D:7 |     924 |     118 |  11.3 |      15 |       1 |   6.2
        D:8 |     468 |     255 |  35.3 |       9 |       1 |  10.0
      Sewer |       0 |     365 | 100.0 |       0 |      52 | 100.0
            +---------+---------+-------+---------+---------+-------
